 Dungeon Crawl Stone Soup version 0.31-a0-180-g519b7de00c (webtiles) character file.

Game seed: 3049976646807691673

49809 qw the Severer (level 14, -9/92 HPs)
             Began as a Gargoyle Fighter on June 19, 2023.
             Was an Elder of Okawaru.
             Mangled by an ettin
             ... wielding a +0 dire flail
              (30 damage)
             ... on level 15 of the Dungeon.
             The game lasted 00:09:27 (16976 turns).

qw the Severer (Gargoyle Fighter)                  Turns: 16976, Time: 00:09:28

Health: -9/92      AC: 37    Str: 25    XL:     14   Next: 52%
Magic:  15/21      EV:  9    Int: 13    God:    Okawaru [****..]
Gold:   902        SH:  6    Dex:  9    Spells: 13/13 levels left

rFire   . . .        Y - +0 war axe (elec)
rCold   + . .        c - +0 buckler
rNeg    + + .        B - +0 plate armour
rPois   inf          k - +2 helmet {SInv}
rElec   +            e - +1 cloak
rCorr   +            u - +0 pair of gloves "Xoacej" {rC+ rN+ Int+4}
SInv    +            y - +0 pair of boots
Will    +....        p - amulet of the acrobat Stlth
                     l - ring of resist corrosion
HPRegen 0.35/turn    (no ring)
MPRegen 0.17/turn

%: acrobat
@: about to teleport, heroic, finesse-ful, flying
A: sickness immunity, AC +10, big wings, negative energy resistance 1,
electricity resistance, torment resistance 1, petrification resistance
a: Renounce Religion, Heroism, Finesse


You were on level 15 of the Dungeon.
You worshipped Okawaru.
Okawaru was greatly pleased with you.
You visited 3 branches of the dungeon, and saw 19 of its levels.
You also visited: Ossuary.

You collected 990 gold pieces.
You spent 88 gold pieces at shops.


Innate Abilities, Weirdness & Mutations

You are immune to sickness and miasma.
Your stone body is resilient. (AC +10)
You are immune to poison.
Your large and strong wings let you fly.
You resist negative energy. (rN+)
You are resistant to electric shocks. (rElec)
You are resistant to unholy torment.
You are immune to petrification.


   Skills:
 - Level 12.0(17.0) Fighting
 - Level 15.0(20.0) Axes
 - Level 6.0(11.0) Throwing
 + Level 11.1(16.1) Armour
 - Level 2.0(7.0) Dodging
 - Level 7.1(12.1) Shields
 - Level 10.0 Invocations


You had 13 spell levels left.
You didn't know any spells.
Your spell library was empty.

Inventory:

Hand Weapons
 o - a +0 morningstar
 Y - a +0 war axe of electrocution (weapon)
Missiles
 b - 7 boomerangs
 A - 3 javelins
 E - 3 silver javelins (quivered)
Armour
 c - a +0 buckler (worn)
 e - a +1 cloak (worn)
 i - a +2 pair of gloves
 k - a +2 helmet of see invisible (worn)
 u - the +0 pair of gloves "Xoacej" (worn) {rC+ rN+ Int+4}
   (You found it on level 7 of the Dungeon)

   Int:       It affects your intelligence (+4).
   rC:        It protects you from cold.
   rN:        It protects you from negative energy.
 y - a +0 pair of boots (worn)
 B - a +0 plate armour (worn)
Jewellery
 l - a ring of resist corrosion (left hand)
 p - an amulet of the acrobat (around neck)
 w - a ring of see invisible
Scrolls
 f - a scroll of identify
 h - 10 scrolls of teleportation
 m - a scroll of enchant weapon {unknown}
Potions
 a - a potion of lignification
 d - 2 potions of might
 g - 4 potions of attraction
 j - 6 potions of cancellation
 n - 3 potions of enlightenment
 q - a potion of mutation
 r - 4 potions of haste
 s - 2 potions of magic
 t - a potion of resistance
 v - 2 potions of heal wounds
 x - a potion of curing
 D - a potion of invisibility {unknown}

Dungeon Overview and Level Annotations

Branches:
Dungeon (12/15)            Temple (1/1) D:4            Lair (5/5) D:10
  Swamp (0/4) Lair:2        Snake (0/4) Lair:2        Slime (0/5) Lair:4
    Orc (0/2) D:10        Ossuary (visited)

Altars:
Ashenzari
Cheibriados
Dithmenos
Elyvilon
Fedhas
Gozag
Hepliaklqana
Kikubaaqudgha
Makhleb
Nemelex Xobeh
Okawaru
Qazlal
Ru
Sif Muna
Trog
Uskayaw
Vehumet
Wu Jian
Xom
Yredelemnul
Zin
The Shining One

Shops:
D:2 !   D:7 :

Annotations:
D:6 3 runed translucent doors, qw's ghost, novice GrFi
D:7 1 runed translucent door, qw's ghost, novice GrFi
D:15 1 runed translucent door


Message History

You slash the centaur warrior!
Lightning courses through the centaur warrior!
You kill the centaur warrior!
Okawaru is honoured by your kill.
You can now enter into single combat with a foe.
Okawaru will now gift you equipment as you gain piety.
You hit the ettin. Lightning courses through the ettin!
You barely miss the tengu conjurer.
The tengu conjurer hits you but does no damage.
The tengu conjurer closely misses you.
The tengu conjurer claws you but does no damage.
The ettin hits you but does no damage.
The ettin hits you with a +0 dire flail!
16972 ||| INVOKING Finesse.
You can now deal lightning-fast blows.
You can no longer enter into single combat with a foe.
Okawaru will no longer gift you equipment.
A tengu warrior comes into view. It is wielding a +2 heavy broad axe.
The ettin hits you with a +0 dire flail!
The ettin misses you. The tengu conjurer barely misses you.
The tengu conjurer pecks you but does no damage.
The tengu conjurer barely misses you.
The tengu warrior moves out of view.
You slice the battlesphere!!
You destroy the battlesphere!
You hit the ettin but do no damage. You hit the tengu conjurer.
You slash the ettin! Lightning courses through the ettin!
The ettin is heavily wounded.
You hit the tengu conjurer. You slash the ettin!
The ettin is severely wounded.
You miss the tengu conjurer.
The ettin hits you with a +0 dire flail!
The ettin hits you with a +0 dire flail!!
The tengu conjurer closely misses you. You block the tengu conjurer's attack.
The tengu conjurer barely misses you.
16976 ||| READING 11 scrolls of teleportation.
As you read the scroll of teleportation, it crumbles to dust.
You feel strangely unstable.
The ettin hits you with a +0 dire flail!!
You die...

# ....#.#(#
....c.c#.
.......#.#####
....... .....#
...?c.Q #C..#
..:..Q. #@.#
.......##0Q####
....?.c.......#
.....####..####
#.. ##..#### .
#......#
#.####+## #.
(...# .. ....#


You could see an ettin and a tengu conjurer.

Vanquished Creatures
  6 hydras
  A merfolk avatar (Lair:5)
  Erica (D:9)
  2 centaur warriors (D:15)
  A two-headed ogre (D:10)
  A tengu warrior (D:15)
  A skyshark (Lair:5)
  An orange crystal statue (Lair:4)
  2 harpies
  3 manticores (Lair:5)
  A cyclops (D:11)
  22 elephants
  4 black mambas
  Joseph (D:7)
  A gargoyle (D:12)
  12 cane toads
  An unseen horror (D:9)
  7 komodo dragons
  7 rime drakes
  A troll (D:9)
  7 polar bears
  11 blink frogs
  A snapping turtle (Lair:5)
  2 shadows (D:10)
  2 wraiths
  A vampire (D:11)
  7 wyverns
  6 basilisks
  3 steam dragons (Lair:5)
  54 yaks
  An acid dragon (D:9)
  Duvessa (D:6)
  16 water moccasins
  A black bear (D:10)
  2 orc warriors
  3 sky beasts
  2 ice beasts
  An ogre (D:6)
  10 wolves
  4 centaurs
  A phantom (D:10)
  4 kobold brigands
  2 elf zombies (Ossuary)
  A gnoll sergeant (D:5)
  17 bullfrogs
  3 scorpions
  6 wights
  4 troll zombies (D:10)
  Dowan (D:6)
  5 spriggan skeletons (D:9)
  8 killer bees
  A troll skeleton (D:9)
  5 electric eels (Lair:2)
  A howler monkey (D:4)
  3 lava snakes (Lair:4)
  A hound (D:5)
  2 human zombies (Ossuary)
  A jelly (D:8)
  7 orc priests
  4 iguanas
  2 sleepcaps
  13 orc wizards
  6 hell rats (Lair:3)
  4 ogre zombies (D:10)
  4 mummies (Ossuary)
  5 gnolls
  4 adders
  2 ufetubi
  3 dart slugs
  39 orcs
  8 endoplasms
  2 giant cockroaches (D:4)
  A gnoll zombie (Ossuary)
  7 hobgoblins
  12 jackals
  3 quokkas
  4 ball pythons
  2 bats
  2 frilled lizards
  3 goblins
  3 goblin skeletons (D:10)
  3 goblin zombies
  3 hobgoblin skeletons (D:10)
  2 hobgoblin zombies (Ossuary)
  A jackal zombie (Ossuary)
  23 kobolds
  A kobold zombie (Ossuary)
  5 orc skeletons (D:10)
  13 orc zombies
  3 rats
  A rat zombie (Ossuary)
  A spectral orc (D:6)
473 creatures vanquished.

Vanquished Creatures (others)
  An orc wizard (D:11)
1 creature vanquished.

Grand Total: 474 creatures vanquished

Notes
Turn   | Place    | Note
-------+----------+-------------------------------------------
     0 | D:1      | qw the Gargoyle Fighter began the quest for the Orb.
     0 | D:1      | Reached XP level 1. HP: 14/14 MP: 1/1
     0 | D:1      | 0 ||| qw: Version: 0.3-a-7-ge0c9b40
     0 | D:1      | 0 ||| qw: Game counter: 975
     0 | D:1      | 0 ||| qw: Always use a shield: true
     0 | D:1      | 0 ||| qw: God list: Okawaru
     0 | D:1      | 0 ||| qw: Allow faded altars: false
     0 | D:1      | 0 ||| qw: Do Orc after D:15 true
     0 | D:1      | 0 ||| qw: Do second Lair branch before Depths: true
     0 | D:1      | 0 ||| qw: Lair rune preference: random
     0 | D:1      | 0 ||| qw: Plans: Normal, Zot:1-4, Slime:5, God:TSO, Crypt,
                  | Tomb, Abyss, Pan, Hells, Win
     0 | D:1      | 0 ||| PLANNING D:1-11
    64 | D:1      | Reached skill level 2 in Axes
    65 | D:1      | Reached XP level 2. HP: 14/19 MP: 2/2
   447 | D:1      | Reached skill level 3 in Axes
   454 | D:1      | Reached XP level 3. HP: 15/23 MP: 3/3
   865 | D:1      | 865 ||| UPGRADING to +2 pair of gloves.
   870 | D:1      | 870 ||| READING scroll labelled RAVVUB RUHID.
   971 | D:1      | 971 ||| READING scroll labelled JENAME TICIDE.
  1158 | D:2      | Found Atie's Distillery.
  1161 | D:2      | 1161 ||| BUYING potion of cancellation (88 gold).
  1161 | D:2      | Bought a potion of cancellation for 88 gold pieces
  1161 | D:2      | 1161 ||| SHOPLISTING potion of curing (33 gold, have 30).
  1161 | D:2      | 1161 ||| SHOPLISTING potion of heal wounds (55 gold, have
                  | 30).
  1161 | D:2      | 1161 ||| SHOPLISTING potion of mutation (88 gold, have 30).
  1325 | D:2      | 1325 ||| DROPPING +0 whip.
  1405 | D:2      | Identified the +7 mace of Suicidal Tendencies {heavy, rN++
                  | Str-3}
  1786 | D:2      | Found a faded altar of an unknown god.
  1821 | D:2      | 1821 ||| UPGRADING to +0 chain mail.
  1831 | D:2      | 1831 ||| DROPPING +0 scale mail.
  1832 | D:2      | 1832 ||| UPGRADING to +0 helmet of see invisible.
  1837 | D:2      | 1837 ||| UPGRADING to +0 cloak.
  1842 | D:2      | 1842 ||| READING scroll labelled QICWOA RYAG.
  1843 | D:2      | 1843 ||| READING 3 scrolls labelled MEILIT CESHOES.
  1844 | D:2      | 1844 ||| READING scroll labelled FESKUVAEMI.
  1845 | D:2      | 1845 ||| READING 2 scrolls of identify.
  1845 | D:2      | 1845 ||| IDENTIFYING fizzy golden potion
  1925 | D:3      | 1925 ||| Stepping ~*~*~tactically~*~*~ (hiding).
  2052 | D:3      | Noticed an ice beast
  2065 | D:3      | Killed an ice beast
  2066 | D:3      | Reached skill level 4 in Axes
  2066 | D:3      | Reached XP level 4. HP: 28/28 MP: 4/4
  2066 | D:3      | Reached XP level 5. HP: 32/32 MP: 5/5
  2250 | D:3      | 2250 ||| Stepping ~*~*~tactically~*~*~ (stealth).
  2252 | D:3      | 2252 ||| Stepping ~*~*~tactically~*~*~ (stealth).
  2254 | D:3      | 2254 ||| Stepping ~*~*~tactically~*~*~ (stealth).
  2264 | D:3      | Reached skill level 5 in Axes
  2270 | D:3      | HP: 6/33 [orc/+0 trident (5)]
  2684 | D:3      | 2684 ||| DRINKING 2 glowing black potions.
  2685 | D:3      | 2685 ||| DROPPING potion of brilliance.
  2808 | D:4      | 2808 ||| Stepping ~*~*~tactically~*~*~ (stealth).
  2809 | D:4      | 2809 ||| Stepping ~*~*~tactically~*~*~ (stealth).
  2865 | D:4      | 2865 ||| Stepping ~*~*~tactically~*~*~ (stealth).
  2876 | D:4      | Reached XP level 6. HP: 37/38 MP: 6/6
  2878 | D:4      | 2878 ||| Stepping ~*~*~tactically~*~*~ (hiding).
  2880 | D:4      | 2880 ||| Stepping ~*~*~tactically~*~*~ (hiding).
  2906 | D:4      | 2906 ||| Stepping ~*~*~tactically~*~*~ (hiding).
  2982 | D:4      | Found an opulent altar of Gozag.
  2985 | D:4      | 2985 ||| Stepping ~*~*~tactically~*~*~ (stealth).
  3189 | D:4      | 3189 ||| Stepping ~*~*~tactically~*~*~ (stealth).
  3522 | D:4      | 3522 ||| Stepping ~*~*~tactically~*~*~ (hiding).
  3528 | D:4      | Reached skill level 6 in Axes
  3665 | D:4      | Found a staircase to the Ecumenical Temple.
  3666 | D:4      | 3666 ||| PLANNING TEMPLE
  3666 | D:4      | 3666 ||| UPGRADING to amulet of the acrobat.
  3671 | D:4      | 3671 ||| UPGRADING to ring of resist corrosion.
  3672 | D:4      | 3672 ||| READING 2 scrolls labelled QEITAB ACSUAH.
  3676 | D:4      | 3676 ||| READING 2 scrolls of identify.
  3676 | D:4      | 3676 ||| IDENTIFYING gluggy clear potion
  3700 | Temple   | Entered the Ecumenical Temple
  3700 | Temple   | Found a transporter.
  3700 | Temple   | Found a transporter.
  3702 | Temple   | Found a transporter.
  3702 | Temple   | Found a transporter.
  3712 | Temple   | 3712 ||| PLANNING D:1-11
  3715 | Temple   | 3715 ||| PLANNING OKAWARU WORSHIP
  3719 | Temple   | Became a worshipper of Warmaster Okawaru
  3720 | Temple   | 3720 ||| PLANNING D:1-11
  3948 | D:5      | Entered Level 5 of the Dungeon
  4034 | D:5      | Reached skill level 1 in Dodging
  4142 | D:5      | Reached XP level 7. HP: 37/43 MP: 7/7
  4145 | D:5      | 4145 ||| DRINKING 2 potions of curing.
  4145 | D:5      | 4145 ||| (to cure confusion)
  4234 | D:5      | 4234 ||| Stepping ~*~*~tactically~*~*~ (hiding).
  4235 | D:5      | 4235 ||| Stepping ~*~*~tactically~*~*~ (hiding).
  4344 | D:5      | 4344 ||| Stepping ~*~*~tactically~*~*~ (stealth).
  4533 | D:5      | Found a hazy altar of Hepliaklqana.
  4533 | D:5      | Found a blossoming altar of Fedhas.
  4596 | D:5      | Found a burning altar of Makhleb.
  4597 | D:5      | Found an ancient bone altar of Kikubaaqudgha.
  4599 | D:5      | Found a hide-covered altar of Uskayaw.
  4600 | D:5      | Found a broken altar of Ashenzari.
  4606 | D:5      | Found a snail-covered altar of Cheibriados.
  4607 | D:5      | Found a stormy altar of Qazlal.
  4711 | D:5      | Reached skill level 7 in Axes
  5116 | D:5      | 5116 ||| DRINKING 2 emerald potions.
  5117 | D:5      | 5117 ||| READING 2 scrolls of identify.
  5117 | D:5      | 5117 ||| IDENTIFYING ruby potion
  5269 | D:6      | Reached * piety under Okawaru
  5270 | D:6      | Reached XP level 8. HP: 41/49 MP: 8/8
  5394 | D:6      | Found a runed translucent gate.
  5395 | D:6      | Found a runed translucent gate.
  5396 | D:6      | Found a runed translucent gate.
  5398 | D:6      | Noticed qw's ghost (novice GrFi)
  5399 | D:6      | Identified the +0 chain mail of the Heavens {rElec Str+4
                  | Dex+4 Slay+2}
  5484 | D:6      | Reached skill level 1 in Throwing
  5484 | D:6      | Reached skill level 1 in Invocations
  5510 | D:6      | Noticed Duvessa
  5511 | D:6      | 5511 ||| INVOKING Heroism.
  5511 | D:6      | Noticed Dowan
  5512 | D:6      | 5512 ||| Stepping ~*~*~tactically~*~*~ (stealth).
  5515 | D:6      | 5515 ||| Stepping ~*~*~tactically~*~*~ (stealth).
  5523 | D:6      | 5523 ||| INVOKING Heroism.
  5524 | D:6      | Killed Duvessa
  5527 | D:6      | Killed Dowan
  5751 | D:6      | Found a basalt altar of Yredelemnul.
  5815 | D:6      | 5815 ||| READING scroll labelled PEIDDI KINI.
  5816 | D:6      | 5816 ||| READING scroll labelled MOIKKALAIP.
  5817 | D:6      | 5817 ||| READING scroll labelled LAIROUGHYJYUW.
  5818 | D:6      | 5818 ||| READING 3 scrolls of identify.
  5818 | D:6      | 5818 ||| IDENTIFYING bubbling clear potion
  5922 | D:7      | Reached skill level 3 in Invocations
  5948 | D:7      | Noticed Joseph
  5949 | D:7      | 5949 ||| Stepping ~*~*~tactically~*~*~ (hiding).
  5951 | D:7      | 5951 ||| Stepping ~*~*~tactically~*~*~ (hiding).
  5966 | D:7      | 5966 ||| INVOKING Heroism.
  5967 | D:7      | Killed Joseph
  5968 | D:7      | Reached skill level 8 in Axes
  5972 | D:7      | 5972 ||| Stepping ~*~*~tactically~*~*~ (hiding).
  6082 | D:7      | 6082 ||| INVOKING Heroism.
  6088 | D:7      | Reached XP level 9. HP: 54/55 MP: 9/12
  6111 | D:7      | Reached skill level 6 in Fighting
  6182 | D:7      | 6182 ||| READING scroll of brand weapon.
  6182 | D:7      | 6182 ||| BRANDING +0 war axe of protection.
  6186 | D:7      | 6186 ||| Stepping ~*~*~tactically~*~*~ (stealth).
  6188 | D:7      | 6188 ||| Stepping ~*~*~tactically~*~*~ (hiding).
  6205 | D:7      | 6205 ||| Stepping ~*~*~tactically~*~*~ (hiding).
  6206 | D:7      | 6206 ||| Stepping ~*~*~tactically~*~*~ (hiding).
  6207 | D:7      | 6207 ||| Stepping ~*~*~tactically~*~*~ (hiding).
  6304 | D:7      | Found Vyuppos's Book Emporium.
  6379 | D:7      | Found a runed translucent door.
  6379 | D:7      | Found a shimmering altar of Xom.
  6379 | D:7      | Noticed qw's ghost (novice GrFi)
  6379 | D:7      | Noticed a +2 short sword of chaos
  6386 | D:7      | Reached ** piety under Okawaru
  6506 | D:7      | Identified the +0 pair of gloves "Xoacej" {rC+ rN+ Int+4}
  6615 | D:7      | 6615 ||| UPGRADING to +0 pair of gloves "Xoacej" {rC+ rN+
                  | Int+4}.
  6625 | D:7      | 6625 ||| READING scroll labelled LUKLUR ILUTZ.
  6626 | D:7      | 6626 ||| READING 2 scrolls of identify.
  6626 | D:7      | 6626 ||| IDENTIFYING blue potion
  6633 | D:8      | 6633 ||| PLANNING OSSUARY
  6633 | D:8      | 6633 ||| Stepping ~*~*~tactically~*~*~ (hiding).
  6634 | D:8      | 6634 ||| INVOKING Heroism.
  6637 | D:8      | Reached skill level 9 in Axes
  6836 | D:8      | 6836 ||| INVOKING Heroism.
  6949 | D:8      | 6949 ||| Stepping ~*~*~tactically~*~*~ (hiding).
  6968 | D:8      | 6968 ||| Stepping ~*~*~tactically~*~*~ (hiding).
  6971 | D:8      | 6971 ||| Stepping ~*~*~tactically~*~*~ (hiding).
  6975 | D:8      | 6975 ||| INVOKING Heroism.
  6980 | D:8      | Reached XP level 10. HP: 63/63 MP: 10/13
  7126 | D:8      | Found a sand-covered staircase.
  7131 | Ossuary  | Entered an ossuary
  7149 | Ossuary  | Reached skill level 10 in Axes
  7362 | Ossuary  | 7362 ||| READING scroll labelled INAADA AXEODD.
  7376 | D:8      | 7376 ||| PLANNING D:1-11
  7382 | D:8      | Found an ornate altar of the Wu Jian Council.
  7514 | D:8      | 7514 ||| Stepping ~*~*~tactically~*~*~ (hiding).
  7521 | D:8      | Reached skill level 6 in Armour
  7657 | D:8      | 7657 ||| Stepping ~*~*~tactically~*~*~ (stealth).
  7693 | D:8      | Found a sacrificial altar of Ru.
  7778 | D:8      | 7778 ||| DROPPING ring of magical power.
  7794 | D:9      | 7794 ||| INVOKING Heroism.
  7913 | D:9      | 7913 ||| Stepping ~*~*~tactically~*~*~ (stealth).
  7916 | D:9      | Reached *** piety under Okawaru
  7919 | D:9      | 7919 ||| Stepping ~*~*~tactically~*~*~ (stealth).
  7998 | D:9      | 7998 ||| Stepping ~*~*~tactically~*~*~ (hiding).
  8000 | D:9      | 8000 ||| Stepping ~*~*~tactically~*~*~ (hiding).
  8001 | D:9      | 8001 ||| Stepping ~*~*~tactically~*~*~ (hiding).
  8057 | D:9      | 8057 ||| Stepping ~*~*~tactically~*~*~ (hiding).
  8058 | D:9      | 8058 ||| Stepping ~*~*~tactically~*~*~ (hiding).
  8059 | D:9      | 8059 ||| Stepping ~*~*~tactically~*~*~ (hiding).
  8060 | D:9      | 8060 ||| INVOKING Heroism.
  8186 | D:9      | Noticed Erica
  8187 | D:9      | 8187 ||| Stepping ~*~*~tactically~*~*~ (hiding).
  8188 | D:9      | 8188 ||| INVOKING Heroism.
  8196 | D:9      | Killed Erica
  8197 | D:9      | Reached skill level 11 in Axes
  8200 | D:9      | 8200 ||| DRINKING 3 potions of curing.
  8200 | D:9      | 8200 ||| (to cure confusion)
  8219 | D:9      | 8219 ||| Stepping ~*~*~tactically~*~*~ (hiding).
  8272 | D:9      | Found a shimmering altar of Xom.
  8448 | D:9      | 8448 ||| INVOKING Heroism.
  8546 | D:9      | 8546 ||| INVOKING Heroism.
  8622 | D:9      | Noticed an unseen horror
  8629 | D:9      | Killed an unseen horror
  8643 | D:9      | Reached skill level 9 in Fighting
  8714 | D:9      | 8714 ||| DROPPING +1 pair of gloves.
  8715 | D:9      | 8715 ||| READING 2 scrolls of identify.
  8715 | D:9      | 8715 ||| IDENTIFYING silvery potion
  8725 | D:10     | Entered Level 10 of the Dungeon
  8736 | D:10     | 8736 ||| STAIRDANCE
  8815 | D:10     | 8815 ||| Stepping ~*~*~tactically~*~*~ (stealth).
  8824 | D:10     | Reached XP level 11. HP: 58/71 MP: 14/14
  8867 | D:10     | Found a staircase to the Orcish Mines.
  8883 | D:10     | 8883 ||| INVOKING Heroism.
  8922 | D:10     | Noticed a two-headed ogre
  8923 | D:10     | 8923 ||| FLEEEEING.
  8927 | D:10     | 8927 ||| STAIRDANCE
  9125 | D:10     | Reached **** piety under Okawaru
  9190 | D:10     | 9190 ||| DRINKING 2 potions of curing.
  9190 | D:10     | 9190 ||| (to cure confusion)
  9193 | D:10     | 9193 ||| INVOKING Heroism.
  9235 | D:10     | 9235 ||| Stepping ~*~*~tactically~*~*~ (stealth).
  9236 | D:10     | 9236 ||| Stepping ~*~*~tactically~*~*~ (stealth).
  9237 | D:10     | 9237 ||| Stepping ~*~*~tactically~*~*~ (stealth).
  9238 | D:10     | 9238 ||| FLEEEEING.
  9239 | D:10     | 9239 ||| INVOKING Heroism.
  9264 | D:10     | Reached skill level 6 in Invocations
  9267 | D:10     | Reached skill level 12 in Axes
  9349 | D:10     | 9349 ||| FLEEEEING.
  9350 | D:10     | 9350 ||| FLEEEEING.
  9354 | D:10     | 9354 ||| FLEEEEING.
  9355 | D:10     | 9355 ||| FLEEEEING.
  9356 | D:10     | 9356 ||| FLEEEEING.
  9357 | D:10     | 9357 ||| FLEEEEING.
  9360 | D:10     | 9360 ||| FLEEEEING.
  9361 | D:10     | 9361 ||| FLEEEEING.
  9362 | D:10     | 9362 ||| FLEEEEING.
  9363 | D:10     | 9363 ||| INVOKING Heroism.
  9374 | D:10     | Killed a two-headed ogre
  9393 | D:10     | 9393 ||| Stepping ~*~*~tactically~*~*~ (stealth).
  9394 | D:10     | 9394 ||| Stepping ~*~*~tactically~*~*~ (stealth).
  9401 | D:10     | 9401 ||| Stepping ~*~*~tactically~*~*~ (stealth).
  9403 | D:10     | 9403 ||| Stepping ~*~*~tactically~*~*~ (stealth).
  9430 | D:10     | 9430 ||| Stepping ~*~*~tactically~*~*~ (stealth).
  9432 | D:10     | 9432 ||| Stepping ~*~*~tactically~*~*~ (stealth).
  9492 | D:10     | 9492 ||| Stepping ~*~*~tactically~*~*~ (stealth).
  9493 | D:10     | 9493 ||| Stepping ~*~*~tactically~*~*~ (stealth).
  9495 | D:10     | 9495 ||| Stepping ~*~*~tactically~*~*~ (stealth).
  9501 | D:10     | Reached ***** piety under Okawaru
  9513 | D:10     | Found a staircase to the Lair.
  9520 | D:10     | 9520 ||| Stepping ~*~*~tactically~*~*~ (stealth).
  9521 | D:10     | 9521 ||| Stepping ~*~*~tactically~*~*~ (stealth).
  9523 | D:10     | 9523 ||| Stepping ~*~*~tactically~*~*~ (stealth).
  9547 | D:10     | Received a gift from Okawaru
  9559 | D:10     | 9559 ||| FLEEEEING.
  9560 | D:10     | 9560 ||| FLEEEEING.
  9561 | D:10     | 9561 ||| FLEEEEING.
  9562 | D:10     | 9562 ||| FLEEEEING.
  9563 | D:10     | 9563 ||| FLEEEEING.
  9565 | D:10     | 9565 ||| STAIRDANCE
  9593 | D:9      | 9593 ||| READING 2 scrolls of identify.
  9593 | D:9      | 9593 ||| IDENTIFYING inky potion
  9736 | D:10     | 9736 ||| INVOKING Heroism.
  9744 | D:10     | Reached skill level 6 in Shields
  9954 | D:10     | 9954 ||| PLANNING LAIR
  9954 | D:10     | 9954 ||| UPGRADING to +0 pair of boots.
  9979 | Lair:1   | Entered Level 1 of the Lair of Beasts
 10008 | Lair:1   | 10008 ||| Stepping ~*~*~tactically~*~*~ (stealth).
 10009 | Lair:1   | 10009 ||| INVOKING Heroism.
 10023 | Lair:1   | Received a gift from Okawaru
 10090 | Lair:1   | 10090 ||| INVOKING Heroism.
 10224 | Lair:1   | 10224 ||| INVOKING Heroism.
 10225 | Lair:1   | 10225 ||| Stepping ~*~*~tactically~*~*~ (stealth).
 10328 | Lair:1   | Reached XP level 12. HP: 76/76 MP: 18/18
 10840 | Lair:1   | 10840 ||| UPGRADING to +0 plate armour.
 10850 | Lair:1   | 10850 ||| DROPPING +0 chain mail.
 10851 | Lair:1   | 10851 ||| READING 3 scrolls of identify.
 10851 | Lair:1   | 10851 ||| IDENTIFYING clear potion
 10852 | Lair:1   | 10852 ||| READING 2 scrolls of identify.
 10852 | Lair:1   | 10852 ||| IDENTIFYING fuming sapphire potion
 10853 | Lair:1   | 10853 ||| DROPPING potion of ambrosia.
 10854 | Lair:1   | 10854 ||| DROPPING potion of degeneration.
 10920 | Lair:2   | 10920 ||| Stepping ~*~*~tactically~*~*~ (stealth).
 10921 | Lair:2   | 10921 ||| Stepping ~*~*~tactically~*~*~ (stealth).
 10923 | Lair:2   | 10923 ||| Stepping ~*~*~tactically~*~*~ (stealth).
 10933 | Lair:2   | 10933 ||| Stepping ~*~*~tactically~*~*~ (hiding).
 10973 | Lair:2   | Found a staircase to the Snake Pit.
 11024 | Lair:2   | Found a staircase to the Swamp.
 11037 | Lair:2   | 11037 ||| INVOKING Heroism.
 11235 | Lair:2   | 11235 ||| Stepping ~*~*~tactically~*~*~ (hiding).
 11243 | Lair:2   | Reached skill level 9 in Invocations
 11288 | Lair:2   | 11288 ||| Stepping ~*~*~tactically~*~*~ (stealth).
 11323 | Lair:2   | 11323 ||| INVOKING Heroism.
 11329 | Lair:2   | Reached skill level 9 in Armour
 11570 | Lair:2   | Received a gift from Okawaru
 11616 | Lair:2   | 11616 ||| Stepping ~*~*~tactically~*~*~ (stealth).
 11868 | Lair:2   | 11868 ||| READING scroll labelled JAVULI GAGGE.
 11903 | Lair:3   | 11903 ||| STAIRDANCE
 11909 | Lair:2   | 11909 ||| INVOKING Heroism.
 12017 | Lair:3   | Received a gift from Okawaru
 12021 | Lair:3   | 12021 ||| INVOKING Heroism.
 12043 | Lair:3   | 12043 ||| Stepping ~*~*~tactically~*~*~ (stealth).
 12048 | Lair:3   | 12048 ||| Stepping ~*~*~tactically~*~*~ (stealth).
 12110 | Lair:3   | Noticed an eight-headed hydra
 12111 | Lair:3   | 12111 ||| INVOKING Heroism.
 12112 | Lair:3   | 12112 ||| INVOKING Finesse.
 12116 | Lair:3   | 12116 ||| SWAPPING to +0 morningstar.
 12123 | Lair:3   | Killed an eight-headed hydra
 12124 | Lair:3   | 12124 ||| SWAPPING to +0 war axe of venom.
 12213 | Lair:3   | Reached skill level 13 in Axes
 12272 | Lair:3   | Noticed a six-headed hydra
 12273 | Lair:3   | 12273 ||| Stepping ~*~*~tactically~*~*~ (stealth).
 12283 | Lair:3   | 12283 ||| INVOKING Heroism.
 12284 | Lair:3   | 12284 ||| INVOKING Finesse.
 12288 | Lair:3   | 12288 ||| SWAPPING to +0 morningstar.
 12296 | Lair:3   | Killed a six-headed hydra
 12297 | Lair:3   | Reached XP level 13. HP: 66/82 MP: 13/20
 12297 | Lair:3   | 12297 ||| SWAPPING to +0 war axe of venom.
 12325 | Lair:3   | 12325 ||| Stepping ~*~*~tactically~*~*~ (hiding).
 12326 | Lair:3   | 12326 ||| Stepping ~*~*~tactically~*~*~ (hiding).
 12333 | Lair:3   | 12333 ||| INVOKING Heroism.
 12368 | Lair:3   | 12368 ||| Stepping ~*~*~tactically~*~*~ (stealth).
 12374 | Lair:3   | 12374 ||| Stepping ~*~*~tactically~*~*~ (stealth).
 12383 | Lair:3   | 12383 ||| FLEEEEING.
 12384 | Lair:3   | 12384 ||| FLEEEEING.
 12385 | Lair:3   | 12385 ||| FLEEEEING.
 12387 | Lair:3   | 12387 ||| FLEEEEING.
 12388 | Lair:3   | 12388 ||| FLEEEEING.
 12389 | Lair:3   | 12389 ||| STAIRDANCE
 12434 | Lair:3   | 12434 ||| READING scroll of enchant armour.
 12434 | Lair:3   | 12434 ||| ENCHANTING +0 helmet of see invisible.
 12560 | Lair:3   | 12560 ||| Stepping ~*~*~tactically~*~*~ (hiding).
 12561 | Lair:3   | 12561 ||| Stepping ~*~*~tactically~*~*~ (hiding).
 12899 | Lair:3   | 12899 ||| READING scroll labelled SEDWU SIDASO.
 12900 | Lair:3   | 12900 ||| READING 3 scrolls of identify.
 12900 | Lair:3   | 12900 ||| IDENTIFYING bubbling amethyst potion
 12901 | Lair:3   | 12901 ||| READING 2 scrolls of identify.
 12901 | Lair:3   | 12901 ||| IDENTIFYING glowing emerald potion
 12902 | Lair:3   | 12902 ||| DROPPING potion of berserk rage.
 12915 | Lair:4   | Found a staircase to the Slime Pits.
 12916 | Lair:4   | 12916 ||| INVOKING Heroism.
 12923 | Lair:4   | Reached skill level 3 in Throwing
 13020 | Lair:4   | Received a gift from Okawaru
 13099 | Lair:4   | 13099 ||| INVOKING Heroism.
 13130 | Lair:4   | 13130 ||| SWAPPING to +0 morningstar.
 13134 | Lair:4   | 13134 ||| SWAPPING to +0 war axe of venom.
 13140 | Lair:4   | 13140 ||| Stepping ~*~*~tactically~*~*~ (stealth).
 13232 | Lair:4   | Received a gift from Okawaru
 13474 | Lair:4   | 13474 ||| INVOKING Heroism.
 13475 | Lair:4   | 13475 ||| INVOKING Finesse.
 13476 | Lair:4   | 13476 ||| DRINKING potion of curing.
 13476 | Lair:4   | 13476 ||| (to cure confusion)
 13535 | Lair:4   | 13535 ||| INVOKING Heroism.
 13601 | Lair:4   | 13601 ||| INVOKING Heroism.
 13623 | Lair:4   | 13623 ||| INVOKING Heroism.
 13641 | Lair:4   | 13641 ||| SWAPPING to +0 morningstar.
 13650 | Lair:4   | 13650 ||| FLEEEEING.
 13651 | Lair:4   | 13651 ||| SWAPPING to +0 war axe of venom.
 13661 | Lair:4   | 13661 ||| INVOKING Heroism.
 13672 | Lair:4   | Reached skill level 14 in Axes
 14005 | Lair:5   | Entered Level 5 of the Lair of Beasts
 14025 | Lair:5   | 14025 ||| INVOKING Heroism.
 14030 | Lair:5   | 14030 ||| SWAPPING to +0 morningstar.
 14037 | Lair:5   | 14037 ||| SWAPPING to +0 war axe of venom.
 14042 | Lair:5   | 14042 ||| Stepping ~*~*~tactically~*~*~ (cloud).
 14043 | Lair:5   | 14043 ||| STAIRDANCE
 14183 | Lair:5   | 14183 ||| INVOKING Heroism.
 14184 | Lair:5   | 14184 ||| SWAPPING to +0 morningstar.
 14193 | Lair:5   | 14193 ||| SWAPPING to +0 war axe of venom.
 14198 | Lair:5   | 14198 ||| STAIRDANCE
 14358 | Lair:5   | 14358 ||| STAIRDANCE
 14360 | Lair:4   | 14360 ||| INVOKING Heroism.
 14437 | Lair:5   | 14437 ||| INVOKING Heroism.
 14475 | Lair:5   | 14475 ||| INVOKING Heroism.
 14487 | Lair:5   | 14487 ||| FLEEEEING.
 14488 | Lair:5   | 14488 ||| FLEEEEING.
 14489 | Lair:5   | 14489 ||| FLEEEEING.
 14495 | Lair:5   | 14495 ||| FLEEEEING.
 14496 | Lair:5   | 14496 ||| STAIRDANCE
 14691 | Lair:5   | 14691 ||| INVOKING Heroism.
 14731 | Lair:5   | 14731 ||| Stepping ~*~*~tactically~*~*~ (stealth).
 14738 | Lair:5   | 14738 ||| INVOKING Heroism.
 14782 | Lair:5   | 14782 ||| INVOKING Heroism.
 14794 | Lair:5   | Gained mutation: Your large and strong wings let you fly.
                  | [Gargoyle growth]
 14794 | Lair:5   | Reached XP level 14. HP: 80/90 MP: 19/21
 14850 | Lair:5   | 14850 ||| Stepping ~*~*~tactically~*~*~ (stealth).
 14867 | Lair:5   | 14867 ||| Stepping ~*~*~tactically~*~*~ (stealth).
 14940 | Lair:5   | 14940 ||| FLEEEEING.
 14941 | Lair:5   | 14941 ||| FLEEEEING.
 14950 | Lair:5   | 14950 ||| INVOKING Heroism.
 15067 | Lair:5   | 15067 ||| INVOKING Heroism.
 15080 | Lair:5   | 15080 ||| Stepping ~*~*~tactically~*~*~ (stealth).
 15287 | Lair:5   | 15287 ||| INVOKING Heroism.
 15291 | Lair:5   | 15291 ||| SWAPPING to +0 morningstar.
 15297 | Lair:5   | 15297 ||| SWAPPING to +0 war axe of venom.
 15337 | Lair:5   | 15337 ||| Stepping ~*~*~tactically~*~*~ (stealth).
 15343 | Lair:5   | Reached skill level 15 in Axes
 15360 | Lair:5   | 15360 ||| INVOKING Heroism.
 15366 | Lair:5   | 15366 ||| Stepping ~*~*~tactically~*~*~ (hiding).
 15368 | Lair:5   | 15368 ||| Stepping ~*~*~tactically~*~*~ (hiding).
 15566 | Lair:5   | 15566 ||| INVOKING Heroism.
 15572 | Lair:5   | Received a gift from Okawaru
 15798 | Lair:5   | 15798 ||| READING scroll of enchant armour.
 15798 | Lair:5   | 15798 ||| ENCHANTING +1 helmet of see invisible.
 16020 | Lair:5   | 16020 ||| PLANNING D:1-11
 16020 | Lair:5   | 16020 ||| UPGRADING to +1 cloak.
 16030 | Lair:5   | 16030 ||| DROPPING +0 cloak.
 16031 | Lair:5   | 16031 ||| DROPPING +2 helmet.
 16032 | Lair:5   | 16032 ||| READING scroll labelled ZANIUTWECIOMP.
 16270 | D:11     | 16270 ||| INVOKING Heroism.
 16540 | D:11     | 16540 ||| Stepping ~*~*~tactically~*~*~ (hiding).
 16541 | D:11     | 16541 ||| Stepping ~*~*~tactically~*~*~ (hiding).
 16548 | D:11     | Reached skill level 12 in Fighting
 16749 | D:11     | 16749 ||| READING scroll of brand weapon.
 16749 | D:11     | 16749 ||| BRANDING +0 war axe of venom.
 16771 | D:11     | Found a burning altar of Makhleb.
 16773 | D:11     | Found a shimmering altar of Xom.
 16773 | D:11     | Found a shimmering blue altar of Sif Muna.
 16775 | D:11     | Found a shimmering altar of Xom.
 16775 | D:11     | Found an opulent altar of Gozag.
 16775 | D:11     | Found a sparkling altar of Nemelex Xobeh.
 16868 | D:11     | 16868 ||| PLANNING D
 16868 | D:11     | 16868 ||| READING scroll labelled TOHUZA RINTEYMOL.
 16943 | D:12     | You are sucked into a shaft and drop 3 floors!
 16943 | D:15     | Entered Level 15 of the Dungeon
 16947 | D:15     | Found a runed translucent door.
 16954 | D:15     | 16954 ||| Stepping ~*~*~tactically~*~*~ (hiding).
 16956 | D:15     | 16956 ||| Stepping ~*~*~tactically~*~*~ (hiding).
 16966 | D:15     | 16966 ||| INVOKING Heroism.
 16970 | D:15     | Reached skill level 6 in Throwing
 16972 | D:15     | 16972 ||| INVOKING Finesse.
 16975 | D:15     | HP: 21/92 [ettin/+0 dire flail (20)]
 16976 | D:15     | 16976 ||| READING 11 scrolls of teleportation.
 16976 | D:15     | Mangled by an ettin

Levels and vault maps discovered:
D:1:      wheals_arrival_shading, layout_loops_corners
D:2:      layout_basic, serial_shops, nicolae_shop_behind_doors,
          shapermc_ecumenical_altar_mp_vishouse
D:3:      layout_basic
D:4:      layout_basic, mainiacjoe_overflow_24_doors,
          minmay_temple_entry_enclosed_plants
D:5:      layout_basic, nicolae_overflow_hallway_of_the_gods
D:6:      layout_cave_pools, yredelemnul_forgotten_temple_becter,
          biasface_ghost_orc_armoury, uniq_duvessa
D:7:      layout_basic, serial_shops, nicolae_shop_trees, ebering_ghost_xom,
          uniq_joseph
D:8:      layout_loops_ring, pdpol_wu_jian_five_deadly_venoms,
          nicolae_ru_awakened_eye, enter_ossuary_5
D:9:      layout_cave_pools, mainiacjoe_overflow_tiny_flanked,
          hangedman_tell_no_tales, uniq_erica
D:10:     layout_rooms, due_lair_maze_entry_diamond, zombieorc2_lemuel
D:11:     layout_cave_pools, doesnt_xom_only_xom
D:12:     layout_cave_pools, slow_altar_1, uniq_erolcha
D:15:     hangedman_depths_entry_civil_slaughter, layout_rooms, enter_trove_0,
          nicolae_danse_macabre
Temple:   hellmonk_temple_divided_pantheon
Lair:1:   layout_roguey, grunt_megastairs_5
Lair:2:   layout_roguey, minmay_swamp_entry_eels, dummy_snake_entry,
          nicolae_quartered_pool_little, lemuel_old_faithful
Lair:3:   layout_small_grid
Lair:4:   layout_loops_ring, slime_entry_1, chequers_serial_rivers_micro_c,
          st_stairs_7, disabler_island
Lair:5:   gammafunk_lair_ancient_temple, layout_gridlike

Skill      XL: |  1  2  3  4  5  6  7  8  9 10 11 12 13 14 |
---------------+-------------------------------------------+-----
Axes           | 2 3 4 5 6 7 8 9 11 12 13 14 15 | 15.0
Fighting       | 4 5 7 9 10 11 12 | 12.0
Dodging        | 1 2 |  2.0
Armour         | 4 5 6 8 10 11 | 11.1
Throwing       | 1 2 5 6 |  6.0
Invocations    | 4 8 10 | 10.0
Shields        | 4 5 6 7 |  7.1

Action                     |  1- 3 |  4- 6 |  7- 9 | 10-12 | 13-15 || total
---------------------------+-------+-------+-------+-------+-------++-------
  Melee: War axe           |   104 |   132 |   209 |   623 |   547 ||  1615
         Morningstar       |       |       |       |    13 |    29 ||    42
  Throw: Boomerang         |     4 |    36 |    74 |   163 |    89 ||   366
         Javelin           |       |       |       |       |    86 ||    86
 Invoke: Heroism           |       |       |     7 |    19 |    23 ||    49
         Finesse           |       |       |       |     2 |     2 ||     4
    Use: Scroll            |     6 |     2 |     8 |     6 |     9 ||    31
         Potion            |       |     1 |     2 |     2 |     1 ||     6
 Armour: Scale mail        |    29 |       |       |       |       ||    29
         Chain mail        |    20 |    91 |   125 |   284 |       ||   520
         Plate armour      |       |       |       |   151 |   475 ||   626
  Dodge: Dodged            |    41 |    51 |    82 |   279 |   262 ||   715
  Block: Buckler           |    20 |    25 |    50 |   158 |   157 ||   410

Table legend:
 A = Non-vault XP
 B = Vault XP
 C = Vault XP percentage of total XP
 D = Non-vault monster count
 E = Vault monster count
 F = Vault count percentage of total count
                 A         B        C        D         E       F
            +---------+---------+-------+---------+---------+-------
      Total |   52973 |   18184 |  25.6 |     363 |     111 |  23.4
            +---------+---------+-------+---------+---------+-------
        D:1 |      38 |       0 |   0.0 |      17 |       0 |   0.0
        D:2 |      24 |       0 |   0.0 |       7 |       0 |   0.0
        D:3 |     228 |       0 |   0.0 |      19 |       0 |   0.0
        D:4 |     265 |       0 |   0.0 |      35 |       0 |   0.0
        D:5 |     330 |       0 |   0.0 |      12 |       0 |   0.0
        D:6 |     531 |     217 |  29.0 |       7 |       3 |  30.0
        D:7 |    1057 |     445 |  29.6 |      19 |       1 |   5.0
        D:8 |    1723 |       0 |   0.0 |      26 |       0 |   0.0
        D:9 |    2177 |    1577 |  42.0 |      44 |       8 |  15.4
       D:10 |    3444 |    3137 |  47.7 |      23 |      45 |  66.2
       D:11 |    1585 |       0 |   0.0 |      10 |       0 |   0.0
       D:12 |     415 |       0 |   0.0 |       1 |       0 |   0.0
       D:15 |    1643 |     802 |  32.8 |       2 |       1 |  33.3
     Lair:1 |    3266 |     973 |  23.0 |      16 |       4 |  20.0
     Lair:2 |    5454 |     273 |   4.8 |      21 |       5 |  19.2
     Lair:3 |    7446 |       0 |   0.0 |      35 |       0 |   0.0
     Lair:4 |    9742 |    2586 |  21.0 |      30 |       8 |  21.1
     Lair:5 |   13605 |    7817 |  36.5 |      39 |      20 |  33.9
    Ossuary |       0 |     357 | 100.0 |       0 |      16 | 100.0
            +---------+---------+-------+---------+---------+-------
